[Event "Klatov Bazar Besiny Cup 2018"]
[Site "Klatovy"]
[Date "2018.07.01"]
[Round "2"]
[White "Neuman, Petr"]
[Black "Furman, Boris"]
[Result "1-0"]
[ECO "B24"]
[WhiteElo "2432"]
[BlackElo "2203"]
[Annotator "ChessBase"]
[PlyCount "87"]
[EventDate "2018.07.01"]
[EventType "swiss"]
[EventCountry "CZE"]
[SourceTitle "playchess.com"]
[Source "ChessBase"]
[SourceQuality "1"]
[TimeControl "40/7200:0"]

1. e4 c5 2. Nc3 Nc6 3. Bb5 Nd4 4. Bc4 e6 5. Nf3 a6 6. d3 b5 7. Bb3 Nxb3 8. axb3 Bb7 9. O-O Be7 10. Qe2 d6 11. Nd2 e5 12. Nd5 Nf6 13. Nxe7 Qxe7 14. c4 O-O 15. Re1 Nd7 16. Nf1 f5 17. exf5 Rxf5 18. Ng3 Rff8 19. cxb5 axb5 20. Rxa8 Bxa8 21. b4 Qh4 22. Ne4 Bxe4 23. dxe4 cxb4 24. Rd1 Nc5 25. f3 Qe7 26. Qxb5 b3 27. Be3 Qc7 28. Qc4+ Qf7 29. Rd5 Rc8 30. Bxc5 Rxc5 31. Rxc5 dxc5 32. Qxc5 Qf4 33. Qc3 Kf8 34. g3 Qg5 35. Kg2 Qd8 36. Qxb3 Qd2+ 37. Kf1 Qxh2 38. Qb8+ Kf7 39. Qxe5 Qh1+ 40. Kf2 Qh2+ 41. Ke3 Qg1+ 42. Kf4 Qc1+ 43. Kg4 g5 44. Qf5+ 1-0

[Event "Klatov Bazar Besiny Cup 2018"]
[Site "Klatovy"]
[Date "2018.07.01"]
[Round "2"]
[White "Bures, Jaroslav"]
[Black "Soural, Jan"]
[Result "1/2-1/2"]
[ECO "B38"]
[WhiteElo "2406"]
[BlackElo "2192"]
[Annotator "RC"]
[PlyCount "223"]
[EventDate "2018.07.01"]
[EventType "swiss"]
[EventCountry "CZE"]
[SourceTitle "playchess.com"]
[Source "ChessBase"]
[SourceQuality "1"]
[TimeControl "40/7200:0"]

1. e4 c5 2. Nf3 Nc6 3. d4 cxd4 4. Nxd4 g6 5. c4 Bg7 6. Be3 Nf6 7. Nc3 d6 8. Be2 O-O 9. Qd2 Nxd4 10. Bxd4 Bd7 11. O-O Bc6 12. f3 a5 13. Rfd1 Nd7 14. b3 Bxd4+ 15. Qxd4 Qb6 16. Qxb6 Nxb6 17. Rd4 Nd7 18. Rad1 Nc5 19. Nd5 Bxd5 20. Rxd5 Rfc8 21. Kf2 Ra6 22. e5 dxe5 23. Rxe5 e6 24. Re3 Rb6 25. Ke1 a4 26. Rb1 axb3 27. axb3 Ra8 28. Bd1 Ra2 29. Re2 Nd3+ 30. Kf1 Rba6 31. Rxa2 Rxa2 32. b4 Rf2+ 33. Kg1 Rd2 34. f4 Nxb4 35. Bf3 Nd3 36. Bxb7 Nxf4 37. c5 Rc2 38. c6 Rxg2+ 39. Kf1 Rc2 40. Ra1 Nd5 41. Ra8+ Kg7 42. Rd8 Ne7 43. Rd6 Kf6 44. Ke1 Rc5 45. Kf2 g5 46. Kg2 h5 47. h3 Rc2+ 48. Kg1 Rc1+ 49. Kg2 Rc3 50. Kh2 Nd5 51. Rd7 Ne7 52. c7 h4 53. Kg2 e5 54. Rxe7 Kxe7 55. c8=Q Rxc8 56. Bxc8 Kf6 57. Kf3 Kg6 58. Ke4 f6 59. Bg4 Kf7 60. Kf5 Ke7 61. Bh5 Kf8 62. Kxf6 e4 63. Bg4 e3 64. Ke5 Ke7 65. Ke4 Kf6 66. Kxe3 Ke5 67. Kf3 Kd4 68. Bf5 Ke5 69. Kg4 Kf6 70. Bc2 Ke6 71. Kh5 Kf6 72. Bd1 Kf7 73. Kh6 Kf6 74. Bc2 Kf7 75. Bd3 Kf6 76. Bg6 Ke7 77. Kg7 Ke6 78. Bh5 Ke7 79. Bf7 Kd6 80. Kf6 Kd7 81. Ke5 Ke7 82. Be6 Kd8 83. Kf6 Ke8 84. Bf5 Kd8 85. Kf7 Kc7 86. Ke7 Kc6 87. Ke6 Kc7 88. Be4 Kd8 89. Bc6 Kc7 90. Kd5 Kd8 91. Kd6 Kc8 92. Ba4 Kb7 93. Bd7 Kb6 94. Bc6 Ka5 95. Kc5 Ka6 96. Be4 Ka7 97. Kb5 Kb8 98. Kc6 Kc8 99. Bg6 Kd8 100. Kd6 Kc8 101. Be4 Kd8 102. Bf5 Ke8 103. Be6 Kf8 104. Kd5 Ke8 105. Ke4 Kf8 106. Kf5 Ke7 107. Ke5 Kf8 108. Kf6 Ke8 109. Bc4 Kd7 110. Bb3 Ke8 111. Be6 Kd8 112. Kxg5 1/2-1/2

[Event "Klatov Bazar Besiny Cup 2018"]
[Site "Klatovy"]
[Date "2018.07.01"]
[Round "2"]
[White "Straka, Vojtech"]
[Black "Simunek, Filip"]
[Result "1-0"]
[ECO "D91"]
[WhiteElo "2379"]
[BlackElo "2184"]
[Annotator "NA"]
[PlyCount "91"]
[EventDate "2018.07.01"]
[EventType "swiss"]
[EventCountry "CZE"]
[SourceTitle "playchess.com"]
[Source "ChessBase"]
[SourceQuality "1"]
[TimeControl "40/7200:0"]

1. d4 Nf6 2. Nf3 g6 3. c4 Bg7 4. Nc3 d5 5. Bg5 Ne4 6. Bh4 Nxc3 7. bxc3 c5 8. cxd5 Qxd5 9. e3 Nc6 10. Be2 O-O 11. O-O {[%emt 0:00:19] D91: Grünfeld: 4 Nf3 Bg7 5 Bg5} Re8 (11... b6 12. Qb3 Be6 13. Qa3 Qh5 14. Bg3 cxd4 15. cxd4 Qa5 16. Qxa5 Nxa5 17. Rfc1 Rfc8 18. Bc7 Bd5 {½-½ (53) Ponomariov,R (2723)-Mamedyarov,S (2733) Beijing 2011}) 12. Bg3 Qd8 $146 ({Predecessor:} 12... b6 13. Qa4 Bb7 14. Rab1 cxd4 15. cxd4 Na5 16. Rfe1 Rec8 17. Bf1 Qc6 18. Qa3 Bf8 {1-0 (29) Sos Andreu,E (2345)-Garcia Marin,G (2099) Barbera del Valles 2014}) 13. Rb1 a6 14. Qa4 Bd7 15. Qa3 ({Don't play} 15. Rxb7 Nxd4 16. Qd1 Ba4 $15) 15... cxd4 16. cxd4 b5 17. Rbc1 Qb6 18. d5 Nb8 19. Bc7 Qf6 20. Ne5 b4 21. Qxb4 Bb5 22. Bxb5 axb5 23. Bxb8 Raxb8 24. Nd7 Qb2 25. Qxb2 Bxb2 26. Rb1 Rbd8 27. Rxb2 Rxd7 28. Rxb5 Ra8 29. Ra1 Rda7 30. Rb2 f5 31. Kf1 Kf7 32. Ke2 Kf6 33. f4 Ra5 34. Rd2 R8a6 35. Kf3 Ra4 36. h3 h5 37. g4 hxg4+ 38. hxg4 Kf7 39. Rh2 R6a5 40. Rh7+ Ke8 41. gxf5 gxf5 42. d6 Re4 43. Rd1 exd6 44. Rb1 Kf8 45. Rb8+ Re8 46. Rh8+ 1-0

[Event "Klatov Bazar Besiny Cup 2018"]
[Site "Klatovy"]
[Date "2018.07.01"]
[Round "2"]
[White "Toman, Ondrej"]
[Black "Krzyzanowski, Marcin"]
[Result "1/2-1/2"]
[ECO "A45"]
[WhiteElo "2197"]
[BlackElo "2473"]
[Annotator "ChessBase"]
[PlyCount "76"]
[EventDate "2018.07.01"]
[EventType "swiss"]
[EventCountry "CZE"]
[SourceTitle "playchess.com"]
[Source "ChessBase"]
[SourceQuality "1"]
[TimeControl "40/7200:0"]

1. d4 Nf6 2. Bf4 g6 3. e3 Bg7 4. h3 d6 5. Nf3 O-O 6. Be2 Nbd7 7. O-O Qe8 8. Nc3 e5 9. Bh2 Qe7 10. dxe5 dxe5 11. Nd5 Nxd5 12. Qxd5 Nb6 13. Qa5 c5 14. Rfd1 Bf5 15. c3 Bc2 16. Rd2 Be4 17. Ne1 f5 18. Qb5 Bc6 19. Qb3+ Kh8 20. a4 f4 21. exf4 exf4 22. a5 Nd7 23. Bf3 Rae8 24. Re2 Ne5 25. Kh1 Qc7 26. Bxc6 Qxc6 27. f3 Qa6 28. Rf2 g5 29. Bg1 h5 30. Qd5 Rc8 31. Qe4 Rfe8 32. Qc2 Bf6 33. Rd2 Qe6 34. Rad1 Re7 35. Rd6 Qf7 36. Qf5 Rc6 37. Bxc5 Rxd6 38. Bxd6 Qe6 1/2-1/2

[Event "Klatov Bazar Besiny Cup 2018"]
[Site "Klatovy"]
[Date "2018.07.01"]
[Round "2"]
[White "Hadraba, Vladimir"]
[Black "Xu, Xianliang"]
[Result "0-1"]
[ECO "B34"]
[WhiteElo "2192"]
[BlackElo "2430"]
[Annotator "NA"]
[PlyCount "66"]
[EventDate "2018.07.01"]
[EventType "swiss"]
[EventCountry "CZE"]
[SourceTitle "playchess.com"]
[Source "ChessBase"]
[SourceQuality "1"]
[TimeControl "40/7200:0"]

1. e4 c5 2. Nf3 g6 3. d4 cxd4 4. Nxd4 Nc6 5. Nc3 Bg7 6. Be3 Nf6 7. Nb3 O-O 8. Be2 d6 9. f4 e5 10. O-O {[%emt 0:09:17] B72: Sicilian Dragon: 6 Be3, lines with h3+Bc4 and sidelines} exf4 11. Bxf4 Re8 12. Bf3 (12. Qxd6 Qb6+ 13. Kh1 Nxe4 14. Nxe4 Rxe4 15. Bf3 Re6 16. Qd2 Re8 17. c3 Be6 {½-½ (38) Tiviakov,S (2650)-Bruzon Batista,L (2689) Bogota 2011}) 12... Qb6+ $146 ({Predecessor:} 12... Ne5 13. Kh1 a6 14. a4 Nc4 15. Nd2 Ne5 16. Nb3 h6 17. a5 g5 {0-1 (41) Donado Mazarron Gomez,M (2101)-Nicolas Zapata,I (2267) La Roda 2014}) 13. Kh1 Ne5 14. Bg5 Nfg4 15. Qe2 Be6 16. Nd5 (16. Bxg4 $15 Nxg4 17. h3) 16... Bxd5 $1 17. exd5 Nxf3 18. Qxf3 f5 19. c3 Rac8 20. h3 Ne5 21. Qf2 Qxf2 22. Rxf2 {[%emt 0:00:00] [#]} h6 $1 23. Bf4 Nd3 24. Rf3 Nxb2 25. Bxd6 Rcd8 ({Bloß nicht} 25... Rxc3 26. Rxc3 Bxc3 27. Rc1 $17) 26. Bc5 b6 ({Keinesfalls} 26... Rxd5 27. Bxa7 Rd1+ 28. Rxd1 $17) 27. Bd4 Rxd5 28. Bxg7 Kxg7 29. Nd4 Re4 $19 30. Rb1 Nc4 31. Rd1 Kh7 32. Kh2 b5 33. Rdd3 Ne5 0-1

[Event "Klatov Bazar Besiny Cup 2018"]
[Site "Klatovy"]
[Date "2018.07.01"]
[Round "2"]
[White "Eret, Matous"]
[Black "Pulpan, Jakub"]
[Result "0-1"]
[ECO "A01"]
[WhiteElo "2184"]
[BlackElo "2386"]
[Annotator "NA"]
[PlyCount "84"]
[EventDate "2018.07.01"]
[EventType "swiss"]
[EventCountry "CZE"]
[SourceTitle "playchess.com"]
[Source "ChessBase"]
[SourceQuality "1"]
[TimeControl "40/7200:0"]

1. b3 e5 2. Bb2 Nc6 3. g3 d5 4. Bg2 Nf6 5. d3 {[%emt 0:02:24] A01: Nimzowitsch-Larsen Opening} (5. e3 Be7 6. d3 Be6 7. Ne2 O-O 8. Nd2 a5 9. a3 Qd7 10. h3 d4 11. e4 g6 12. f4 exf4 13. gxf4 {½-½ (42) Kamsky,G (2762)-Grischuk,A (2764) Beijing 2012}) 5... Bf5 6. Nf3 Bd6 7. Nbd2 Qd7 8. Nh4 $146 ({Predecessor:} 8. O-O Bh3 9. Re1 Bxg2 10. Kxg2 O-O 11. Qc1 h6 12. c3 e4 13. dxe4 dxe4 {0-1 (25) Pimenta,M-Janke,L Brusque 2000}) 8... Be6 9. c4 d4 10. a3 a5 11. Qc2 Bh3 12. O-O Bxg2 13. Kxg2 g5 14. Nhf3 g4 15. Ng5 (15. Nh4 $15) 15... h5 16. e3 Rg8 17. Nge4 Nxe4 18. Nxe4 Be7 19. exd4 Nxd4 20. Bxd4 Qxd4 21. Rad1 O-O-O 22. b4 Qb6 23. Qa4 f5 24. Nc3 Qc6+ 25. Qxc6 bxc6 26. Na2 Kd7 27. d4 e4 28. d5 $1 c5 29. b5 h4 30. Nc3 Bd6 31. Rfe1 Rg7 32. Ne2 Rh8 33. Nf4 hxg3 34. hxg3 Bxf4 35. gxf4 Rh3 36. Rh1 Rf3 37. d6 g3 38. dxc7+ Kxc7 39. fxg3 Rgxg3+ 40. Kh2 Rh3+ 41. Kg2 Rfg3+ 42. Kf2 e3+ 0-1

[Event "Klatov Bazar Besiny Cup 2018"]
[Site "Klatovy"]
[Date "2018.07.01"]
[Round "2"]
[White "Simet, Martin"]
[Black "Simek, Petr"]
[Result "1/2-1/2"]
[ECO "B34"]
[WhiteElo "2182"]
[BlackElo "2266"]
[Annotator "NA"]
[PlyCount "69"]
[EventDate "2018.07.01"]
[EventType "swiss"]
[EventCountry "CZE"]
[SourceTitle "playchess.com"]
[Source "ChessBase"]
[SourceQuality "1"]
[TimeControl "40/7200:0"]

1. e4 c5 2. Nf3 Nc6 3. d4 cxd4 4. Nxd4 Nf6 5. Nc3 e5 6. Ndb5 d6 7. Bg5 a6 8. Bxf6 gxf6 9. Na3 f5 10. Qh5 b5 11. Naxb5 Be7 $2 (11... axb5 $17 12. Bxb5 Bb7) 12. Bc4 O-O 13. Na3 Nd4 14. Bd3 d5 (14... Bb7 $16 {kämpft weiter.}) 15. Nxd5 Bxa3 16. bxa3 $18 fxe4 17. Qxe5 exd3 18. Ne7+ Qxe7 19. Qxe7 Nxc2+ 20. Kd2 Bf5 21. Qf6 Bg6 22. f4 Nxa1 23. Rxa1 Rfe8 24. f5 Re2+ 25. Kxd3 Re6 26. Qg5 h6 27. Qg4 Rd8+ 28. Kc3 Rc8+ 29. Kb3 h5 30. Qxg6+ Rxg6 31. fxg6 fxg6 32. Rd1 Kg7 33. Rd6 Rb8+ 34. Kc3 Rf8 35. Rd2 1/2-1/2

[Event "Klatov Bazar Besiny Cup 2018"]
[Site "Klatovy"]
[Date "2018.07.01"]
[Round "2"]
[White "Palek, Miroslav"]
[Black "Hausner, Ivan"]
[Result "1/2-1/2"]
[ECO "B51"]
[WhiteElo "2153"]
[BlackElo "2321"]
[Annotator "NA"]
[PlyCount "62"]
[EventDate "2018.07.01"]
[EventType "swiss"]
[EventCountry "CZE"]
[SourceTitle "playchess.com"]
[Source "ChessBase"]
[SourceQuality "1"]
[TimeControl "40/7200:0"]

1. e4 c5 2. Nf3 d6 3. Bb5+ Nd7 4. c3 Ngf6 5. Qe2 e5 {[%emt 0:00:00] B51: Sicilian: Moscow Variation (3 Bb5+) without 3...Bd7} (5... a6 6. Ba4 b5 7. Bc2 Bb7 8. d4 e6 9. O-O Be7 10. Nbd2 O-O 11. e5 Nd5 12. Ne4 Qc7 13. exd6 Bxd6 14. Nxd6 Qxd6 15. dxc5 Qxc5 {½-½ (58) Kovalev,V (2648)-Grandelius,N (2652) Sharjah 2018}) 6. O-O Be7 7. Rd1 O-O 8. d4 Qc7 9. Bg5 $146 ({Predecessor:} 9. dxe5 dxe5 10. Bg5 Nb8 11. c4 a6 12. Ba4 Bd7 13. Bxd7 Nbxd7 {½-½ (33) Haug,J (2307)-Haubro,M (2361) Oslo 2016}) 9... h6 10. Bh4 a6 11. Ba4 Re8 12. dxc5 dxc5 13. Nbd2 b5 14. Bc2 Bb7 15. h3 Bf8 16. Nh2 g6 17. g4 Bg7 18. Nhf1 c4 19. Ne3 Nc5 20. f3 Ne6 21. Ng2 Nh7 22. Rac1 Nhg5 23. Kh2 Rad8 24. Nf1 Bf6 25. Bf2 {[%emt 0:02:22] [#]} Be7 (25... Nd4 $1 $17 26. cxd4 exd4+ 27. Bg3 d3 28. Bxd3 cxd3) 26. h4 Nh7 27. Rxd8 Rxd8 28. Rd1 Bc5 29. Rxd8+ Qxd8 30. Bxc5 Nxc5 31. Qe3 Qf8 $11 1/2-1/2

[Event "Klatov Bazar Besiny Cup 2018"]
[Site "Klatovy"]
[Date "2018.07.02"]
[Round "3"]
[White "Xu, XianLiang"]
[Black "Formanek, Martin"]
[Result "1-0"]
[ECO "B22"]
[WhiteElo "2430"]
[BlackElo "2267"]
[Annotator "NA"]
[PlyCount "65"]
[EventDate "2018.07.01"]
[EventType "swiss"]
[EventCountry "CZE"]
[SourceTitle "playchess.com"]
[Source "ChessBase"]
[SourceQuality "1"]
[TimeControl "40/7200:0"]

1. e4 c5 2. c3 Nf6 3. e5 Nd5 4. d4 cxd4 5. Nf3 e6 6. cxd4 b6 7. Bd3 Ba6 8. O-O Bxd3 9. Qxd3 Nc6 10. Nc3 Ncb4 11. Qe2 Be7 12. a3 Nxc3 13. bxc3 Nc6 14. d5 exd5 15. Rd1 O-O 16. Rxd5 Qc7 17. Qd3 Rad8 18. Ng5 Bxg5 19. Bxg5 Rde8 20. f4 Nb8 21. Qg3 Kh8 22. f5 f6 23. exf6 Qxg3 24. fxg7+ Kxg7 25. hxg3 Rf7 26. Rf1 Nc6 27. g4 Re4 28. Rf4 Re3 29. Rc4 Re5 30. Rd6 h5 31. Rg6+ Kf8 32. Bf4 hxg4 33. Rcxc6 1-0

[Event "Klatov Bazar Besiny Cup 2018"]
[Site "Klatovy"]
[Date "2018.07.02"]
[Round "3"]
[White "Pulpan, Jakub"]
[Black "Jedlicka, Ales"]
[Result "1-0"]
[ECO "B92"]
[WhiteElo "2386"]
[BlackElo "2221"]
[Annotator "ChessBase"]
[PlyCount "99"]
[EventDate "2018.07.01"]
[EventType "swiss"]
[EventCountry "CZE"]
[SourceTitle "playchess.com"]
[Source "ChessBase"]
[SourceQuality "1"]
[TimeControl "40/7200:0"]

1. e4 c5 2. Nf3 d6 3. d4 cxd4 4. Nxd4 Nf6 5. Nc3 a6 6. Be2 e5 7. Nb3 Be7 8. O-O O-O 9. Qd3 Be6 10. Bd2 Nbd7 11. Nd5 Bxd5 12. exd5 a5 13. a4 Nc5 14. Nxc5 dxc5 15. c4 e4 16. Qh3 Bd6 17. f4 Re8 18. Bc3 Ra6 19. Rae1 Qd7 20. g4 Bc7 21. Qg2 e3 22. g5 Ne4 23. Bg4 Qxa4 24. Rxe3 Nd6 25. Rxe8+ Qxe8 26. Re1 Qd8 27. Qe2 Ra8 28. h4 a4 29. h5 Ba5 30. Bxa5 Rxa5 31. h6 gxh6 32. gxh6 Ra8 33. Qe5 f6 34. Qe6+ Kh8 35. Bh5 Qf8 36. Re2 a3 37. bxa3 Nxc4 38. Qd7 Rd8 39. Qc7 Rc8 40. Qxb7 Nd6 41. Qd7 Rb8 42. Re6 Nf5 43. Re8 Rxe8 44. Qxe8 Qxe8 45. Bxe8 Kg8 46. Bd7 Nd6 47. a4 Nc4 48. Bb5 Nd6 49. Bd3 c4 50. Bc2 1-0

[Event "Klatov Bazar Besiny Cup 2018"]
[Site "Klatovy"]
[Date "2018.07.02"]
[Round "3"]
[White "Simek, Petr"]
[Black "Kozak, Milos"]
[Result "1-0"]
[ECO "A62"]
[WhiteElo "2354"]
[BlackElo "2156"]
[Annotator "NA"]
[PlyCount "69"]
[EventDate "2018.07.01"]
[EventType "swiss"]
[EventCountry "CZE"]
[SourceTitle "playchess.com"]
[Source "ChessBase"]
[SourceQuality "1"]
[TimeControl "40/7200:0"]

1. d4 Nf6 2. c4 e6 3. g3 c5 4. d5 exd5 5. cxd5 d6 6. Nc3 g6 7. Bg2 Bg7 8. Nf3 O-O 9. O-O Re8 10. a4 a6 11. Bf4 Qc7 12. Rc1 Ne4 13. Nxe4 Rxe4 14. Nd2 Rd4 15. e3 Rb4 16. b3 Bf8 17. Rc4 Rxc4 18. bxc4 Nd7 19. Qb3 Bg7 20. Rb1 h6 21. h4 Rb8 22. Ne4 Bf8 23. g4 b6 24. g5 hxg5 25. hxg5 Be7 26. Qc3 Ne5 27. Rd1 Bg4 28. Bxe5 Bxd1 29. Bh8 f6 30. Bxf6 Rf8 31. Bh3 Kf7 32. Bg7 Rb8 33. Be6+ Ke8 34. Bh6 Bf8 35. Bxf8 1-0

[Event "Klatov Bazar Besiny Cup 2018"]
[Site "Klatovy"]
[Date "2018.07.02"]
[Round "3"]
[White "Hausner, Ivan"]
[Black "Chmel, Kristian"]
[Result "1-0"]
[ECO "D92"]
[WhiteElo "2321"]
[BlackElo "2121"]
[Annotator "NA"]
[PlyCount "53"]
[EventDate "2018.07.01"]
[EventType "swiss"]
[EventCountry "CZE"]
[SourceTitle "playchess.com"]
[Source "ChessBase"]
[SourceQuality "1"]
[TimeControl "40/7200:0"]

1. d4 Nf6 2. c4 g6 3. Nc3 d5 4. Nf3 Bg7 5. Bf4 O-O 6. Rc1 dxc4 7. e4 Nh5 8. Be3 b6 9. Bxc4 Bb7 10. O-O Nd7 11. Qb3 e6 12. Rfd1 Ndf6 13. d5 exd5 14. Nxd5 Nxd5 15. Bxd5 Bxd5 16. exd5 Rc8 17. h3 Re8 18. Nd4 a5 19. Nb5 Re4 20. d6 c5 21. d7 Rb8 22. Na7 Re6 23. Bxc5 Nf4 24. Kh1 Qg5 25. Qg3 Qf6 26. Bd4 Qf5 27. Rc8+ 1-0

[Event "Klatov Bazar Besiny Cup 2018"]
[Site "Klatovy"]
[Date "2018.07.02"]
[Round "3"]
[White "Mejzlik, Ondrej"]
[Black "Neuman, Petr"]
[Result "1/2-1/2"]
[ECO "D45"]
[WhiteElo "2287"]
[BlackElo "2432"]
[Annotator "NA"]
[PlyCount "58"]
[EventDate "2018.07.01"]
[EventType "swiss"]
[EventCountry "CZE"]
[SourceTitle "playchess.com"]
[Source "ChessBase"]
[SourceQuality "1"]
[TimeControl "40/7200:0"]

1. c4 Nf6 2. Nc3 e6 3. Nf3 d5 4. d4 c6 5. e3 Nbd7 6. a3 Bd6 7. Be2 O-O 8. O-O b6 9. b4 dxc4 10. Bxc4 Bb7 11. e4 e5 12. Bg5 h6 13. Bh4 b5 14. Bb3 a5 15. bxa5 Rxa5 16. Bg3 Qc7 17. dxe5 Nxe5 18. Nd4 Rd8 19. Nf5 Be7 20. Qc1 Bf8 21. Qf4 b4 22. axb4 Nh5 23. Qh4 Rxa1 24. Rxa1 Nxg3 25. hxg3 Bxb4 26. Nd1 Bc8 27. Nde3 Re8 28. Ng4 Bxf5 29. exf5 Nxg4 1/2-1/2

[Event "Klatov Bazar Besiny Cup 2018"]
[Site "Klatovy"]
[Date "2018.07.02"]
[Round "3"]
[White "Dvorak, Jan"]
[Black "Straka, Vojtech"]
[Result "0-1"]
[ECO "A37"]
[WhiteElo "2210"]
[BlackElo "2379"]
[Annotator "NA"]
[PlyCount "80"]
[EventDate "2018.07.01"]
[EventType "swiss"]
[EventCountry "CZE"]
[SourceTitle "playchess.com"]
[Source "ChessBase"]
[SourceQuality "1"]
[TimeControl "40/7200:0"]

1. c4 c5 2. g3 Nc6 3. Bg2 g6 4. Nc3 Bg7 5. Nf3 e6 6. d3 Nge7 7. Bg5 h6 8. Bd2 O-O 9. O-O Rb8 10. Rb1 a6 11. a3 b5 12. cxb5 axb5 13. b4 cxb4 14. axb4 d5 15. Qc1 Kh7 16. Rd1 Qb6 17. e3 e5 18. Ne2 Bf5 19. Bc3 Rfd8 20. Ba1 Rbc8 21. Qd2 Ra8 22. Nh4 Be6 23. f4 f6 24. d4 e4 25. Bf1 g5 26. Ng2 Nc8 27. Nc1 Bg4 28. Be2 Bxe2 29. Qxe2 Nd6 30. Bc3 Qb7 31. Nb3 Qd7 32. Qh5 Qe8 33. Qe2 Qd7 34. Qh5 Ra2 35. Rd2 Rda8 36. Nc5 Qe8 37. Qe2 Rxd2 38. Bxd2 Ra2 39. Qd1 Nc4 40. Bc3 Rxg2+ 0-1

[Event "Klatov Bazar Besiny Cup 2018"]
[Site "Klatovy"]
[Date "2018.07.02"]
[Round "3"]
[White "Dolansky, Lukas"]
[Black "Bures, Jaroslav"]
[Result "0-1"]
[ECO "A10"]
[WhiteElo "2184"]
[BlackElo "2406"]
[Annotator "NA"]
[PlyCount "52"]
[EventDate "2018.07.01"]
[EventType "swiss"]
[EventCountry "CZE"]
[SourceTitle "playchess.com"]
[Source "ChessBase"]
[SourceQuality "1"]
[TimeControl "40/7200:0"]

1. c4 g6 2. g3 Bg7 3. Bg2 e5 4. e3 f5 5. Ne2 Nf6 6. Nbc3 O-O 7. O-O c6 8. d4 d6 9. dxe5 dxe5 10. e4 Na6 11. Be3 Qe7 12. Qa4 Ng4 13. Bd2 f4 14. gxf4 exf4 15. Bxf4 Rxf4 16. Nxf4 Qh4 17. h3 Ne5 18. Nfe2 Bxh3 19. f4 Qg4 20. Rf2 Nd3 21. Raf1 Bf8 22. c5 Bxc5 23. Nd4 Nxf2 24. Rxf2 Rd8 25. Nce2 Bxg2 26. Rxg2 Qd7 0-1

[Event "Klatov Bazar Besiny Cup 2018"]
[Site "Klatovy"]
[Date "2018.07.02"]
[Round "3"]
[White "Vevera, Radek"]
[Black "Hollan, Martin"]
[Result "1/2-1/2"]
[ECO "B32"]
[WhiteElo "2064"]
[BlackElo "2341"]
[Annotator "NA"]
[PlyCount "103"]
[EventDate "2018.07.01"]
[EventType "swiss"]
[EventCountry "CZE"]
[SourceTitle "playchess.com"]
[Source "ChessBase"]
[SourceQuality "1"]
[TimeControl "40/7200:0"]

1. e4 c5 2. Nf3 Nc6 3. d4 cxd4 4. Nxd4 e5 5. Nb5 a6 6. Nd6+ Bxd6 7. Qxd6 Qe7 8. Qd1 Nf6 9. Nc3 d6 10. Bg5 Be6 11. Nd5 Bxd5 12. exd5 Nb8 13. Be2 Nbd7 14. c4 O-O 15. O-O Rfb8 16. b4 b5 17. cxb5 axb5 18. a4 bxa4 19. Rxa4 Rxa4 20. Qxa4 h6 21. Bd2 Nxd5 22. Rb1 N7b6 23. Qb3 Nc7 24. b5 Ne6 25. Qg3 Nd4 26. Bf1 Qf6 27. Qd3 Nd5 28. Qe4 Qf5 29. Qxf5 Nxf5 30. Ba5 Nd4 31. Bc4 Nb6 32. Bd3 Kf8 33. Bb4 Ke7 34. Ra1 Nd5 35. Ra7+ Ke6 36. Bc4 Nxb5 37. Ra6 Kf5 38. Bxd5 Nc7 39. g4+ Kxg4 40. Ra4 Kf5 41. Bxf7 Rb6 42. Ba5 Rb1+ 43. Kg2 Ne6 44. Bxe6+ Kxe6 45. Bd2 Rb2 46. Be3 d5 47. Ra6+ Kf5 48. h4 d4 49. Bc1 Rc2 50. Ba3 Ra2 51. Ra5 Kg4 52. Rxe5 1/2-1/2

[Event "Klatov Bazar Besiny Cup 2018"]
[Site "Klatovy"]
[Date "2018.07.02"]
[Round "3"]
[White "Seemann, Jakub"]
[Black "Vyprachticky, David"]
[Result "0-1"]
[ECO "C67"]
[WhiteElo "1838"]
[BlackElo "2301"]
[Annotator "ChessBase"]
[PlyCount "132"]
[EventDate "2018.07.01"]
[EventType "swiss"]
[EventCountry "CZE"]
[SourceTitle "playchess.com"]
[Source "ChessBase"]
[SourceQuality "1"]
[TimeControl "40/7200:0"]

1. e4 e5 2. Nf3 Nc6 3. Bb5 Nf6 4. O-O Nxe4 5. Re1 Nd6 6. Nxe5 Be7 7. Bf1 O-O 8. d4 Nf5 9. c3 Nxe5 10. Rxe5 d6 11. Re1 d5 12. Nd2 Nd6 13. Bd3 Bf5 14. Bxf5 Nxf5 15. Nf3 Bd6 16. Qd3 Ne7 17. Bg5 f6 18. Bh4 Qd7 19. Bg3 Bxg3 20. hxg3 Rae8 21. Re2 Nc8 22. Rae1 Nd6 23. Nd2 Rxe2 24. Rxe2 Re8 25. Rxe8+ Qxe8 26. Kf1 Qa4 27. Qb1 Qb5+ 28. Ke1 g6 29. b3 Qa5 30. Qb2 Kf7 31. a4 Qa6 32. Qc2 b5 33. axb5 Qa1+ 34. Nb1 Nxb5 35. Kd2 Nd6 36. f3 Qa6 37. Ke1 Nf5 38. Kf2 Qd6 39. f4 c5 40. Qd2 cxd4 41. g4 dxc3 42. Nxc3 Qc5+ 43. Ke2 Nd4+ 44. Kd1 Nxb3 45. Qxd5+ Qxd5+ 46. Nxd5 Nc5 47. Ke2 a5 48. Ke3 Nd7 49. Kd4 Ke6 50. Ne3 a4 51. Kc4 Kd6 52. Nc2 Nc5 53. Nd4 Ne6 54. Ne2 a3 55. Kb3 Kd5 56. Kxa3 Ke4 57. g3 Kf3 58. f5 Nf8 59. Nd4+ Kxg4 60. fxg6 hxg6 61. Ne2 Kf3 62. Nd4+ Kxg3 63. Kb2 f5 64. Kc2 Kg2 65. Kd2 f4 66. Ke2 g5 0-1

[Event "Klatov Bazar Besiny Cup 2018"]
[Site "Klatovy"]
[Date "2018.07.03"]
[Round "4"]
[White "Neuman, Petr"]
[Black "Soural, Jan"]
[Result "1/2-1/2"]
[ECO "E77"]
[WhiteElo "2432"]
[BlackElo "2192"]
[Annotator "NA"]
[PlyCount "29"]
[EventDate "2018.07.01"]
[EventType "swiss"]
[EventCountry "CZE"]
[SourceTitle "playchess.com"]
[Source "ChessBase"]
[SourceQuality "1"]
[TimeControl "40/7200:0"]

1. c4 Nf6 2. Nc3 g6 3. e4 d6 4. d4 Bg7 5. f4 O-O 6. Nf3 c5 7. d5 e6 8. Be2 exd5 9. cxd5 Nbd7 10. O-O Re8 11. Nd2 c4 12. e5 dxe5 13. Nxc4 Nb6 14. Nxe5 Nfxd5 15. Nxd5 1/2-1/2

[Event "Klatov Bazar Besiny Cup 2018"]
[Site "Klatovy"]
[Date "2018.07.03"]
[Round "4"]
[White "Hollan, Martin"]
[Black "Bartos, Jan"]
[Result "1-0"]
[ECO "A33"]
[WhiteElo "2341"]
[BlackElo "2153"]
[Annotator "NA"]
[PlyCount "63"]
[EventDate "2018.07.01"]
[EventType "swiss"]
[EventCountry "CZE"]
[SourceTitle "playchess.com"]
[Source "ChessBase"]
[SourceQuality "1"]
[TimeControl "40/7200:0"]

1. c4 c5 2. Nc3 Nc6 3. Nf3 Nf6 4. d4 cxd4 5. Nxd4 e6 6. e4 Bb4 7. Nxc6 bxc6 8. Bd3 d6 9. Qa4 Qb6 10. Be3 Bc5 11. Bxc5 Qxc5 12. b4 Qb6 13. O-O e5 14. Nd5 Nxd5 15. exd5 Bd7 16. c5 dxc5 17. bxc5 Qxc5 18. Rac1 Qxd5 19. Be4 Qe6 20. Bxc6 Rd8 21. Rfd1 Bxc6 22. Rxd8+ Kxd8 23. Rxc6 Qd5 24. Rc1 Ke7 25. Rd1 Qb7 26. Qa3+ Kf6 27. Rd6+ Kf5 28. Qd3+ Kg5 29. h4+ Kxh4 30. Qg3+ Kh5 31. Qxe5+ g5 32. Qe2+ 1-0